 Dungeon Crawl Stone Soup version 0.28.0-53-g5a82cb258f (webtiles) character file.

Game seed: 11604369763411872799

1185 Atelerd the Digger (level 8, -2/46 HPs)
             Began as an Octopode Earth Elementalist on July 25, 2022.
             Slain by a killer bee (3 damage)
             ... on level 5 of the Dungeon.
             The game lasted 00:09:04 (5546 turns).

Atelerd the Digger (Octopode Earth Elementalist)    Turns: 5546, Time: 00:09:05

Health: -2/46      AC:  1    Str:  7    XL:     8   Next: 42%
Magic:  9/16       EV: 13    Int: 19    God:
Gold:   162        SH:  0    Dex: 13    Spells: 13/18 levels left

rFire   . . .      SeeInvis .   f - +2 dagger (venom)
rCold   . . .      Faith    .   (no shield)
rNeg    . . .      Spirit   .   (helmet restricted)
rPois   .          Reflect  .   j - amulet of regeneration
rElec   .          Harm     .   (no ring)
rCorr   .          Rampage  .   (no ring)
Will    .....                   (no ring)
Stlth   ++++......              (no ring)
HPRegen 0.95/turn               (no ring)
MPRegen 0.15/turn               (no ring)
                                (no ring)
                                (no ring)

@: lethally poisoned (-2 -> -13), attractive
A: almost no armour, amphibious, 8 rings, camouflage 1, gelatinous body 1,
(nimble swimmer 1), tentacles
a: no special abilities


You were on level 5 of the Dungeon.
You visited 1 branch of the dungeon, and saw 5 of its levels.

You collected 162 gold pieces.

Inventory:

Hand Weapons
 c - a +1 flail of protection
 f - a +2 dagger of venom (weapon)
Missiles
 b - 66 stones
 k - 2 throwing nets
Jewellery
 j - an amulet of regeneration (around mantle)
Scrolls
 a - a scroll of amnesia
 e - a scroll of torment {unknown}
 g - a scroll of immolation {unknown}
 n - a scroll of vulnerability {unknown}
 o - a scroll of blinking {unknown}
 p - a scroll of identify
Potions
 d - 2 potions of attraction
 h - 2 potions of flight
 l - a potion of degeneration {unknown}
 m - a potion of invisibility {unknown}


   Skills:
 - Level 2.1 Dodging
 - Level 5.0 Stealth
 + Level 5.7 Spellcasting
 - Level 4.0 Transmutations
 + Level 6.6 Earth Magic


You had 13 spell levels left.
You knew the following spells:

 Your Spells              Type           Power      Damage    Failure   Level
a - Sandblast             Erth           60%        2d14      1%          1
p - Petrify               Tmut/Erth      25%        N/A       13%         4

Your spell library contained the following spells:

 Spells                   Type           Power      Damage    Failure   Level
 Passwall                 Tmut/Erth      20%        N/A       1%          2
 Stone Arrow              Conj/Erth      36%        3d9       9%          3
 Tukima's Dance           Hex            5%         N/A       34%         3
 Passage of Golubria      Tloc           5%         N/A       75%         4
 Yara's Violent Unravell  Hex/Tmut       6%         3d5       80%         5


Dungeon Overview and Level Annotations

Branches:
Dungeon (5/15)
 Temple: D:4-7

Altars:

Shops:
D:4 :

Annotations:
D:2 exclusion: downstairs


Innate Abilities, Weirdness & Mutations

You cannot wear most types of armour.
You are amphibious.
You can wear up to eight rings at the same time.
Your skin changes colour to match your surroundings (Stealth+).
Your rubbery body absorbs attacks. (AC +1, EV +1)
((You are camouflaged when in or above water. (Stealth+)))
You have tentacles for arms and can constrict up to eight enemies at once.


Message History

Confirm with . or Enter, or press ? or * to list all spells.
Aiming: Sandblast (safe; 1% risk of failure)
Press: ? - help, Shift-Dir - straight line, f - killer bee
Aim: a killer bee (63% to hit)
The blast of sand misses the killer bee.
You feel sick. The killer bee closely misses you.
The killer bee completely misses you. The killer bee closely misses you.
The killer bee stings you.
An orc comes into view. It is wielding a +0 mace.
Casting: Sandblast (safe; 1% risk of failure)
Confirm with . or Enter, or press ? or * to list all spells.
Aiming: Sandblast (safe; 1% risk of failure)
Press: ? - help, Shift-Dir - straight line, f/p - killer bee
Aim: a killer bee (63% to hit)
The blast of sand misses the killer bee.
The orc shouts!
You feel sick. The killer bee misses you. The killer bee stings you.
The killer bee misses you. The killer bee closely misses you.
Unknown command.
Casting: Sandblast (safe; 1% risk of failure)
Confirm with . or Enter, or press ? or * to list all spells.
Aiming: Sandblast (safe; 1% risk of failure)
Press: ? - help, Shift-Dir - straight line, f/p - killer bee
Aim: a killer bee (63% to hit)
The blast of sand hits the killer bee!
The killer bee is almost dead.
You feel sick. The killer bee stings you! The killer bee closely misses you.
The killer bee stings you!
* * * LOW HITPOINT WARNING * * *
You are more poisoned.
The killer bee poisons you! The killer bee stings you.
* * * LOW HITPOINT WARNING * * *
You are more poisoned.
The killer bee poisons you!
It was a potion of attraction.
You feel attractive to monsters.
* * * LOW HITPOINT WARNING * * *
You feel very sick. The killer bee barely misses you.
The killer bee stings you.
You die...

##..#.#.#.#.
#...........
#..#.#.#.#.#
#...........
#.#.#.#.#.#.
##...o.......
#o#.#.#.#.#.#.#
##yy).........^.
#@#.#.#.#.#.#.#
##y...........
#.#.#.#.#.#.#.#
##..........y..
#.#.#.#.#.#.#y
##..........
#.#.#.#.#.#
##..........
#.#.#.#.#.#y


You could see 3 killer bees, an orc wizard and an orc.

Vanquished Creatures
  Sigmund (D:3)
  2 black bears
  A sky beast (D:5)
  A necrophage (D:5)
  A scorpion (D:4)
  2 water moccasin skeletons
  2 killer bees (D:5)
  A bullfrog skeleton (D:5)
  2 hounds (D:5)
  Natasha (D:2)
  Terence (D:3)
  An iguana (D:5)
  A hound zombie (D:5)
  12 gnolls
  3 adders
  A white imp (D:5)
  A worm (D:2)
  5 orcs
  5 ball pythons
  7 endoplasms
  6 giant cockroaches
  8 goblins
  6 hobgoblins
  2 jackals (D:1)
  3 quokkas
  5 bats
  3 frilled lizards
  9 kobolds
  9 rats
102 creatures vanquished.

Notes
Turn   | Place    | Note
-------+----------+-------------------------------------------
     0 | D:1      | Atelerd the Octopode Earth Elementalist began the quest for
                  | the Orb.
     0 | D:1      | Reached XP level 1. HP: 11/11 MP: 3/3
   164 | D:1      | Reached XP level 2. HP: 16/17 MP: 5/5
   792 | D:1      | Reached XP level 3. HP: 15/21 MP: 6/6
  2085 | D:2      | Noticed Natasha
  2093 | D:2      | Killed Natasha
  2094 | D:2      | Reached XP level 4. HP: 12/27 MP: 2/7
  2457 | D:3      | Noticed Sigmund
  2725 | D:3      | Learned a level 4 spell: Petrify
  2757 | D:3      | Killed Sigmund
  2758 | D:3      | Reached XP level 5. HP: 26/31 MP: 3/9
  2758 | D:3      | Reached XP level 6. HP: 31/36 MP: 3/10
  3077 | D:3      | Reached skill level 4 in Earth Magic
  3284 | D:3      | Noticed Terence
  3294 | D:3      | Killed Terence
  3733 | D:3      | Reached skill level 5 in Stealth
  4204 | D:4      | Reached XP level 7. HP: 33/41 MP: 12/12
  4447 | D:4      | Reached skill level 5 in Earth Magic
  4599 | D:4      | Found Mafaos's Book Emporium.
  4808 | D:5      | Entered Level 5 of the Dungeon
  5186 | D:5      | Reached XP level 8. HP: 46/46 MP: 11/15
  5350 | D:5      | Reached skill level 5 in Spellcasting
  5350 | D:5      | Reached skill level 6 in Earth Magic
  5546 | D:5      | HP: 1/46 [poisoned by a killer bee]
  5546 | D:5      | Slain by a killer bee

Illustrated notes

Levels and vault maps discovered:
D:1:      lemuel_arrival_lava_pool, layout_loops_ring
D:2:      layout_rooms, uniq_natasha
D:3:      layout_loops_corners, uniq_sigmund, uniq_terence
D:4:      layout_rooms, serial_shops, nicolae_stop_n_shop_2
D:5:      layout_basic, serial_shops, nicolae_shop_behind_doors, hex_large

Skill      XL: |  1  2  3  4  5  6  7  8 |
---------------+-------------------------+-----
Stealth        | 3 4 5 |  5.0
Transmutations | 2 3 4 |  4.0
Spellcasting   | 3 4 5 |  5.7
Earth Magic    | 4 5 6 |  6.6
Dodging        | |  2.1

Action                   |  1- 3 |  4- 6 |  7- 9 || total
-------------------------+-------+-------+-------++-------
Melee: Flail             |    56 |    19 |       ||    75
       Tentacles         |     8 |     9 |    13 ||    30
       Dagger            |     2 |    27 |    53 ||    82
       Unarmed           |     2 |       |       ||     2
       Constrict         |    11 |    15 |    16 ||    42
       Punch             |       |       |     1 ||     1
 Cast: Sandblast         |    15 |    30 |    36 ||    81
       Petrify           |       |     1 |     5 ||     6
  Use: Scroll            |       |       |     4 ||     4
       Potion            |       |       |     3 ||     3
 Stab: Sleeping          |    14 |     3 |     3 ||    20
       Petrified         |       |       |     9 ||     9
       Petrifying        |       |       |     2 ||     2
Armor: Skin              |    14 |     1 |     4 ||    19
Dodge: Dodged            |    33 |    43 |    53 ||   129
